 Dungeon Crawl Stone Soup version 0.27.1 (webtiles) character file.

Game seed: 10526967399952384012

4884 Atelerd the Geomancer (level 10, -3/60 HPs)
             Began as an Octopode Earth Elementalist on Aug 30, 2021.
             Was a Follower of Sif Muna.
             Slain by a yak (4 damage)
             ... on level 8 of the Dungeon on Sept 1, 2021.
             The game lasted 00:37:10 (13040 turns).

Atelerd the Geomancer (OpEE)                       Turns: 13040, Time: 00:37:12

Health: -3/60      AC:  1    Str:  8    XL:     10   Next: 50%
Magic:  16/28      EV: 14    Int: 17    God:    Sif Muna [*.....]
Gold:   274        SH:  0    Dex: 13    Spells: 4/21 levels left

rFire    + + .     SeeInvis +   I - +8 dagger "Qole" {vorpal, rF+ MP+9 Int-5}
rCold    + . .     Faith    +   (no shield)
rNeg     . . .     Spirit   .   (helmet restricted)
rPois    .         Reflect  .   K - amulet of faith
rElec    .         Harm     .   a - ring of protection from fire
rCorr    .         Rampage  .   g - ring of willpower
Will     ++...     Rnd*Rage +   l - ring of willpower
Stlth    ++++......             (no ring)
HPRegen  0.20/turn              (no ring)
MPRegen  0.21/turn              (no ring)
                                (no ring)
                                (no ring)

@: mighty, lethally poisoned (-3 -> -16)
A: almost no armour, amphibious, 8 rings, camouflage 1, gelatinous body 1,
(nimble swimmer 1), tentacles, see invisible, berserk 1, clever 1, cold
resistance 1
a: Renounce Religion, Channel Magic


You were on level 8 of the Dungeon.
You worshipped Sif Muna.
Sif Muna was aware of your devotion.
You visited 2 branches of the dungeon, and saw 10 of its levels.
You also visited: Sewer and Ossuary.

You collected 274 gold pieces.

Inventory:

Hand Weapons
 j - a +0 dagger
 n - a +2 flail of protection
 I - the +8 dagger "Qole" (weapon) {vorpal, rF+ MP+9 Int-5}
   (You found it on level 6 of the Dungeon)

   It inflicts extra damage upon your enemies.
   Int:       It affects your intelligence (-5).
   rF:        It protects you from fire.
   MP:        It affects your magic capacity (+9).
Missiles
 o - 3 throwing nets
 y - 77 stones
Jewellery
 a - a ring of protection from fire (left tentacle)
 g - a ring of willpower (right tentacle)
 l - a ring of willpower (on tentacle)
 K - an amulet of faith (around mantle)
Wands
 i - a wand of iceblast (15)
 x - a wand of flame (14)
 z - a wand of paralysis (8)
 J - a wand of polymorph (6)
Scrolls
 b - a scroll of torment {unknown}
 d - 2 scrolls of amnesia {unknown}
 e - a scroll of immolation
 f - 7 scrolls of teleportation
 h - 2 scrolls of brand weapon {unknown}
 k - 3 scrolls of noise
 p - 4 scrolls of fear {unknown}
 q - 2 scrolls of identify
 r - a scroll of fog {unknown}
 s - a scroll of enchant armour {unknown}
 t - 3 scrolls of summoning {unknown}
 v - a scroll of vulnerability {unknown}
 C - a scroll of enchant weapon {unknown}
 F - 3 scrolls of magic mapping
Potions
 c - a potion of attraction {unknown}
 m - a potion of berserk rage {unknown}
 u - a potion of might
 w - a potion of invisibility
 A - a potion of lignification {unknown}
 B - 4 potions of brilliance
 D - a potion of cancellation {unknown}
 E - a potion of haste {unknown}
 G - 3 potions of mutation
 H - a potion of flight {unknown}
 L - a potion of degeneration {unknown}


   Skills:
 - Level 2.0 Fighting
 - Level 5.0 Dodging
 - Level 6.0 Stealth
 + Level 6.1 Spellcasting
 - Level 4.0 Conjurations
 - Level 3.0 Hexes
 - Level 5.0 Transmutations
 + Level 0.0 Fire Magic
 + Level 1.3 Air Magic
 - Level 8.0 Earth Magic
 * Level 2.7 Poison Magic
 - Level 6.0 Invocations


You had 4 spell levels left.
You knew the following spells:

 Your Spells              Type           Power      Damage    Failure   Level
a - Sandblast             Erth           64%        2d14      1%          1
b - Mephitic Cloud        Conj/Pois/Air  14%        N/A       13%         3
c - Dazzling Flash        Conj/Hex       34%        N/A       9%          3
d - Ignite Poison         Fire/Tmut/Pois 13%        N/A       13%         3
e - Stone Arrow           Conj/Erth      50%        3d10      3%          3
p - Petrify               Tmut/Erth      27%        N/A       9%          4

Your spell library contained the following spells:

 Spells                   Type           Power      Damage    Failure   Level
 Passwall                 Tmut/Erth      22%        N/A       1%          2
 Bolt of Magma            Conj/Fire/Erth 9%         4d7       56%         5
 Silence                  Hex/Air        6%         N/A       82%         5
 Agony                    Necr           5%         N/A       98%         5


Dungeon Overview and Level Annotations

Branches:
Dungeon (9/15)             Temple (1/1) D:6           Sewer (visited)
Ossuary (visited)
   Lair: D:8-11         Orc: D:9-12

Altars:
Ashenzari
Cheibriados
Dithmenos
Elyvilon
Gozag
Hepliaklqana
Qazlal
Sif Muna
Trog
Vehumet
Yredelemnul
Zin

Annotations:
D:6 exclusion: statue
D:7 3 runed translucent doors, stripedtigrrr's ghost, novice OpAK
D:8 exclusion: obsidian statue


Innate Abilities, Weirdness & Mutations

You cannot wear most types of armour.
You are amphibious.
You can wear up to eight rings at the same time.
Your skin changes colour to match your surroundings (Stealth+).
Your rubbery body absorbs attacks. (AC +1, EV +1)
((You are camouflaged near water. (Stealth+)))
You have tentacles for arms and can constrict up to eight enemies at once.
You have supernaturally acute eyesight. (SInv)
You tend to lose your temper in combat.
Your mind is acute. (Int +2)
Your flesh is cold resistant. (rC+)


Message History

A killer bee comes into view.
The killer bee misses you.
A yak comes into view.
The killer bee misses you. The killer bee stings you!
You are poisoned.
The killer bee poisons you!
You feel sick. The killer bee barely misses you. The killer bee stings you!
You are more poisoned.
The killer bee poisons you! The killer bee stings you.
There is a stone staircase leading up here.
Unknown command.
You feel very sick.
The yak bellows!
The yak seems less confused.
The killer bee barely misses you. The killer bee closely misses you.
The killer bee stings you! The yak completely misses you.
The killer bee stings you.
You are more poisoned.
The killer bee poisons you!
You climb upwards.
Level annotation: exclusion: obsidian statue You feel very sick.
There is a stone staircase leading down here.
Unknown command.
Unknown command.
Unknown command.
You feel sick. The killer bee stings you.
* * * LOW HITPOINT WARNING * * *
The killer bee barely misses you. The yak misses you.
The killer bee stings you!
* * * LOW HITPOINT WARNING * * *
You are more poisoned.
The killer bee poisons you!
Okay, then.
It was a potion of might.
You feel very mighty all of a sudden.
* * * LOW HITPOINT WARNING * * *
You feel very sick. The killer bee barely misses you.
The killer bee misses you. x2
The yak gores you.
You die...

###########
#.........#############
#.###..................
#.###.###.#############
#.....###.# ####......#
#.y###############
#.y@.............#
#.Y#############.##
#..# #...####..## #.##
#..........# #.#
#..........# #.#
#..........# #.#
#........... #.#
#........... #.#
#...........


You could see a yak and 2 killer bees.

Vanquished Creatures
  Harold (D:7)
  Grinder (D:6)
  Prince Ribbit (D:7)
  Sigmund (D:6)
  A steam dragon (D:7)
  Menkaure (D:5)
  2 water moccasins (D:8)
  An ice beast (D:6)
  A necrophage (D:6)
  2 ogres
  A centaur (D:6)
  3 kobold brigands (Sewer)
  4 elf zombies (Ossuary)
  4 bullfrogs
  2 scorpions (D:5)
  A wyvern zombie (D:7)
  2 vampire bats (D:3)
  5 killer bees (D:8)
  3 electric eels (D:8)
  4 centaur zombies
  3 jellies
  4 hounds
  2 bullfrog skeletons
  2 centaur skeletons (D:6)
  6 human zombies (Ossuary)
  2 orc priests
  2 gnoll shamans
  3 iguanas
  6 orc wizards
  A hound zombie (D:5)
  3 mummies (Ossuary)
  16 gnolls
  8 adders
  A howler monkey skeleton (D:6)
  A shadow imp (D:6)
  2 white imps
  An ufetubus (D:4)
  3 worms (D:3)
  4 dart slugs
  23 orcs
  12 ball pythons
  17 bats
  10 endoplasms
  3 giant cockroaches
  6 goblins
  5 hobgoblins
  6 jackals
  16 kobolds
  5 quokkas
  5 frilled lizards
  2 quokka zombies (D:4)
  6 rats
227 creatures vanquished.

Vanquished Creatures (collateral kills)
  A killer bee (D:8)
1 creature vanquished.

Vanquished Creatures (others)
  3 fungi (D:7)
  2 plants (D:6)
5 creatures vanquished.

Grand Total: 233 creatures vanquished

Notes
Turn   | Place    | Note
-------+----------+-------------------------------------------
     0 | D:1      | Atelerd the Octopode Earth Elementalist began the quest for
                  | the Orb.
     0 | D:1      | Reached XP level 1. HP: 11/11 MP: 3/3
   347 | D:1      | Reached XP level 2. HP: 14/17 MP: 1/5
  1137 | D:1      | Reached XP level 3. HP: 16/21 MP: 6/6
  1963 | D:2      | Reached XP level 4. HP: 27/27 MP: 5/8
  2565 | D:2      | Reached skill level 4 in Earth Magic
  2585 | D:1      | Reached XP level 5. HP: 14/31 MP: 0/10
  2977 | D:3      | Reached XP level 6. HP: 30/36 MP: 4/12
  3267 | D:3      | Learned a level 4 spell: Petrify
  3271 | D:3      | Learned a level 3 spell: Dazzling Flash
  3738 | D:4      | Found an opulent altar of Gozag.
  3770 | D:4      | Found a sand-covered staircase.
  3789 | Ossuary  | Entered an ossuary
  3951 | Ossuary  | Reached skill level 5 in Earth Magic
  3955 | Ossuary  | Reached skill level 1 in Hexes
  3963 | Ossuary  | Reached skill level 1 in Conjurations
  4183 | Ossuary  | Reached XP level 7. HP: 36/41 MP: 6/13
  4627 | Ossuary  | Gained mutation: Your flesh is cold resistant. (rC+)
                  | [potion of mutation]
  4627 | Ossuary  | Gained mutation: Your mind is acute. (Int +2) [potion of
                  | mutation]
  4627 | Ossuary  | Gained mutation: You tend to lose your temper in combat.
                  | [potion of mutation]
  4627 | Ossuary  | Gained mutation: You have supernaturally acute eyesight.
                  | (SInv) [potion of mutation]
  4643 | Ossuary  | Reached skill level 5 in Stealth
  4643 | Ossuary  | Reached skill level 6 in Earth Magic
  4677 | Ossuary  | Reached XP level 8. HP: 14/46 MP: 8/14
  5161 | D:4      | Found a basalt altar of Yredelemnul.
  5246 | D:4      | Reached skill level 7 in Earth Magic
  5302 | D:4      | HP: 2/46 [something (11)]
  5985 | D:4      | Found a white marble altar of Elyvilon.
  6104 | D:5      | Entered Level 5 of the Dungeon
  6437 | D:5      | Found a snail-covered altar of Cheibriados.
  7301 | D:5      | Noticed Menkaure
  7305 | D:5      | Killed Menkaure
  7306 | D:5      | Reached skill level 8 in Earth Magic
  7382 | D:6      | Noticed Grinder
  7396 | D:6      | Killed Grinder
  7397 | D:6      | Reached skill level 5 in Spellcasting
  7397 | D:6      | Reached XP level 9. HP: 51/51 MP: 5/16
  7401 | D:6      | Reached skill level 5 in Transmutations
  7522 | D:6      | Noticed Sigmund
  7539 | D:6      | Killed Sigmund
  7540 | D:6      | Reached skill level 1 in Fighting
  7622 | D:6      | Found a glowing drain.
  7634 | Sewer    | Entered a sewer
  8310 | Sewer    | Learned a level 3 spell: Stone Arrow
  8887 | D:6      | Found a staircase to the Ecumenical Temple.
  8891 | D:6      | Identified the +8 dagger "Qole" {vorpal, rF+ MP+9 Int-5}
  8926 | Temple   | Entered the Ecumenical Temple
  9151 | Temple   | Became a worshipper of Sif Muna the Loreminder
  9503 | D:6      | Found a radiant altar of Vehumet.
  9523 | D:6      | Reached skill level 1 in Invocations
  9719 | D:7      | Noticed Harold
 10385 | D:7      | Killed Harold
 10386 | D:7      | Reached skill level 5 in Dodging
 10386 | D:7      | Reached XP level 10. HP: 52/60 MP: 10/19
 10483 | D:7      | Noticed Prince Ribbit
 10494 | D:7      | Killed Prince Ribbit
 10495 | D:7      | Reached skill level 5 in Invocations
 10829 | D:7      | Found a runed translucent gate.
 10829 | D:7      | Found a runed translucent gate.
 10829 | D:7      | Found a runed translucent gate.
 10830 | D:7      | Noticed a kobold demonologist
 10831 | D:7      | Noticed stripedtigrrr's ghost (novice OpAK)
 11293 | D:8      | Reached * piety under Sif Muna
 11801 | D:8      | Learned a level 3 spell: Mephitic Cloud
 11805 | D:8      | Learned a level 3 spell: Ignite Poison
 11824 | D:8      | Reached skill level 1 in Poison Magic
 12310 | D:8      | Reached skill level 1 in Air Magic
 12411 | D:8      | Noticed an obsidian statue
 12414 | D:8      | HP: 2/60 [electric eel/bolt of electricity (6)]
 13040 | D:8      | HP: 1/60 [poisoned by a killer bee]
 13040 | D:8      | Slain by a yak

Illustrated notes

Levels and vault maps discovered:
D:1:      roderic_chinese_lattice_arrival, layout_loops_corners
D:2:      layout_rooms
D:3:      layout_rooms, roderic_batcave, minivault_19
D:4:      layout_rooms, kennysheep_ying_yang,
          nicolae_gozag_cash_rules_everything_around_me, enter_ossuary_4
D:5:      layout_loops_ring, mainiacjoe_overflow_24_doors,
          palyth_stone_intersect, kennysheep_big_empty_room, uniq_menkaure
D:6:      layout_rooms, vehumet_statue, minmay_temple_entry_gardened_gates,
          portal_sewer_entry_d, uniq_sigmund, uniq_grinder
D:7:      layout_rooms, gammafunk_ghost_nasty_kobolds, uniq_prince_ribbit1,
          uniq_harold
D:8:      statuecave_lemuel, layout_basic
D:9:      layout_cave_pools, minitemple
Temple:   nicolae_temple_god_jail

Skill      XL: |  1  2  3  4  5  6  7  8  9 10 |
---------------+-------------------------------+-----
Transmutations | 2 3 4 5 |  5.0
Spellcasting   | 3 4 5 6 |  6.1
Earth Magic    | 4 5 6 8 |  8.0
Stealth        | 3 5 6 |  6.0
Hexes          | 1 2 3 |  3.0
Conjurations   | 1 2 3 4 |  4.0
Fighting       | 2 |  2.0
Dodging        | 5 |  5.0
Invocations    | 4 6 |  6.0
Poison Magic   | 2 |  2.7
Air Magic      | 1 |  1.3

Action                   |  1- 3 |  4- 6 |  7- 9 | 10-12 || total
-------------------------+-------+-------+-------+-------++-------
Melee: Unarmed           |    56 |       |       |       ||    56
       Tentacles         |     9 |    11 |    58 |     7 ||    85
       Constrict         |    15 |    16 |    56 |    10 ||    97
       Dagger            |     1 |    45 |   145 |    34 ||   225
       Flail             |       |       |   139 |       ||   139
 Cast: Sandblast         |    26 |    95 |    26 |       ||   147
       Petrify           |       |       |    52 |    20 ||    72
       Dazzling Flash    |       |       |    17 |       ||    17
       Stone Arrow       |       |       |    17 |    11 ||    28
       Mephitic Cloud    |       |       |       |     6 ||     6
       Ignite Poison     |       |       |       |     1 ||     1
Evoke: Wand              |       |       |     7 |     1 ||     8
  Use: Scroll            |       |     5 |     2 |     2 ||     9
       Potion            |       |       |    12 |     4 ||    16
 Stab: Sleeping          |    11 |     8 |    15 |     5 ||    39
       Petrified         |       |       |    71 |    18 ||    89
       Petrifying        |       |       |     9 |     1 ||    10
       Invisible         |       |       |     3 |       ||     3
Armor: Skin              |     5 |    16 |    74 |     1 ||    96
Dodge: Dodged            |    46 |    53 |   253 |    49 ||   401
